 Dungeon Crawl Stone Soup version 0.26.0-10-g1f06aea511 (webtiles) character file.

Game seed: 13634326496663689677

288 Borgoz the Ducker (level 6, -1/51 HPs)
             Began as a Ghoul Gladiator on Jan 15, 2021.
             Slain by a gnoll
             ... wielding a +0 club
              (6 damage)
             ... on level 5 of the Dungeon.
             The game lasted 00:03:01 (2706 turns).

Borgoz the Ducker (Ghoul Gladiator)                 Turns: 2706, Time: 00:03:01

Health: -1/51      AC:  5    Str: 16 (18) XL:     6   Next: 31%
Magic:  5/5        EV: 17    Int:  2 (3)  God:
Gold:   115        SH:  0    Dex:  9 (12) Spells: 5/5 levels left

rFire    . . .     SeeInvis .   a - +1 long sword
rCold    + . .     Faith    .   (no shield)
rNeg     + + +     Spirit   .   b - +0 leather armour
rPois    ∞         Reflect  .   c - +0 helmet
rElec    .         Harm     .   (no cloak)
rCorr    +         Rampage  .   n - +0 pair of gloves
Will     .....                  (no boots)
Stlth    +.........             (no amulet)
HPRegen  0.00/turn              m - +4 ring of evasion
MPRegen  0.09/turn              s - ring of resist corrosion

@: about to teleport
A: claws 1, cold resistance 1, negative energy resistance 3, inhibited
regeneration, torment resistance, unbreathing
a: no special abilities


You were on level 5 of the Dungeon.
You visited 1 branch of the dungeon, and saw 4 of its levels.
You also visited: Sewer.

You collected 115 gold pieces.

Inventory:

Hand Weapons
 a - a +1 long sword (weapon)
Missiles
 d - 3 throwing nets (quivered)
Armour
 b - a +0 leather armour (worn)
 c - a +0 helmet (worn)
 n - a +0 pair of gloves (worn)
Jewellery
 m - a +4 ring of evasion (left hand)
 s - a ring of resist corrosion (right hand)
Scrolls
 f - 2 scrolls of enchant armour {unknown}
 g - 2 scrolls of teleportation
 i - 2 scrolls of identify {unknown}
 j - a scroll of remove curse {unknown}
 k - 2 scrolls of magic mapping
 o - 2 scrolls of fear {unknown}
Potions
 e - 3 potions of flight {unknown}
 h - 3 potions of might {unknown}
 l - a potion of haste {unknown}
 p - 3 potions of heal wounds {unknown}
 q - 3 potions of curing {unknown}


   Skills:
 + Level 3.3 Fighting
 * Level 4.0 Long Blades
 - Level 1.7 Throwing
 * Level 2.7 Armour
 * Level 4.0 Dodging


You had 5 spell levels left.
You didn't know any spells.
Your spell library was empty.

Dungeon Overview and Level Annotations

Branches:
Dungeon (3/15)              Sewer (visited)

Altars:
Elyvilon
Makhleb
Qazlal
Sif Muna
Uskayaw
The Shining One


Innate Abilities, Weirdness & Mutations

You thrive by killing the living.
You are immune to poison.
You have sharp fingernails.
Your flesh is cold resistant. (rC+)
You are immune to negative energy. (rN+++)
You do not regenerate when monsters are visible.
You are immune to unholy pain and torment.
You can survive without breathing.


Message History

You see here an arrow.
Sorry, you're not good enough to have a special ability.
Sorry, you're not good enough to have a special ability.
You open the door.
A worker ant comes into view.
The gnoll closely misses you.
Found a shimmering blue altar of Sif Muna and a white marble altar of Elyvilon.
The worker ant misses you. The gnoll hits you with a +0 club.
* * * LOW HITPOINT WARNING * * *
There is an open door here.
As you read the scroll labelled JAEH FYR BYANN, it crumbles to dust.
You feel strangely unstable.
It was a scroll of teleportation.
The worker ant completely misses you. The gnoll misses you.
It was a potion of degeneration.
There was something very wrong with that liquid.
You feel weakened.
You feel dopey.
You feel clumsy. The worker ant bites you.
* * * LOW HITPOINT WARNING * * *
The gnoll hits you with a +0 club.
You die...

#.......#
#..g....#
#..5...>#
#..(.5..#
#...(...#
#.####gS#
#.#. ##c#
###_.♣#g#
#8..B@.#
##_.♣###
#. #


You could see a centaur, a worker ant, a gnoll and an adder.

Vanquished Creatures
  2 big kobolds (Sewer)
  6 adders
  An ufetubus (D:5)
  An ooze (Sewer)
  A worm (D:3)
  A dart slug (D:1)
  An orc (D:2)
  2 ball pythons (D:3)
  7 bats
  8 giant cockroaches
  5 goblins (D:1)
  12 hobgoblins
  A quokka (D:5)
  6 frilled lizards
  19 kobolds
  10 rats
83 creatures vanquished.

Notes
Turn   | Place    | Note
-------+----------+-------------------------------------------
     0 | D:1      | Borgoz the Ghoul Gladiator began the quest for the Orb.
     0 | D:1      | Reached XP level 1. HP: 17/17 MP: 0/0
   107 | D:1      | Reached XP level 2. HP: 24/24 MP: 1/1
   840 | D:2      | Reached skill level 1 in Armour
   840 | D:2      | Reached XP level 3. HP: 30/30 MP: 2/2
  1245 | D:2      | Reached XP level 4. HP: 37/37 MP: 3/3
  1476 | D:2      | Found a faded altar of an unknown god.
  1582 | D:2      | Found a hide-covered altar of Uskayaw.
  1643 | D:2      | Found a burning altar of Makhleb.
  1821 | D:3      | Found a glowing drain.
  1882 | Sewer    | Entered a sewer
  2003 | Sewer    | Noticed a big kobold
  2011 | Sewer    | Reached XP level 5. HP: 36/44 MP: 4/4
  2014 | Sewer    | Killed a big kobold
  2155 | Sewer    | Noticed a big kobold
  2164 | Sewer    | Killed a big kobold
  2165 | Sewer    | Reached XP level 6. HP: 45/51 MP: 5/5
  2314 | D:3      | Found a stormy altar of Qazlal.
  2583 | D:3      | Found a glowing golden altar of the Shining One.
  2686 | D:3      | You fall into a shaft and drop 2 floors!
  2686 | D:5      | Entered Level 5 of the Dungeon
  2703 | D:5      | Found a shimmering blue altar of Sif Muna.
  2703 | D:5      | Found a white marble altar of Elyvilon.
  2706 | D:5      | Slain by a gnoll

Illustrated notes

Levels and vault maps discovered:
D:1:      minmay_arrival_four_houses, layout_basic
D:2:      layout_rooms, marbit_many_paths, lightli_temple_of_fire,
          chequers_ecumenical_altar_grove
D:3:      minmay_chambers_of_twos, layout_rooms, tso_oasis_becter,
          portal_sewer_entry_b, grunt_qazlal_clouds
D:5:      layout_basic, okawaru_ov_weapons_minmay, nicolae_ashenzari_panopticon,
          gammafunk_temple_overflow_statue

Skill      XL: |  1  2  3  4  5  6 |
---------------+-------------------+-----
Dodging        | 3 4 |  4.0
Long Blades    | 3 4 |  4.0
Armour         | 1 2 |  2.7
Fighting       | 3 |  3.3
Throwing       | |  1.7

Action                   |  1- 3 |  4- 6 || total
-------------------------+-------+-------++-------
Melee: Long sword        |    72 |   137 ||   209
  Use: Scroll            |       |     3 ||     3
       Potion            |       |     1 ||     1
Armor: Leather armour    |    22 |    44 ||    66
Dodge: Dodged            |    62 |   220 ||   282
       Rpst.: Long sword |    25 |    64 ||    89
